AoeStats
← BATMAN

Glade

510514055Analyzed
1v1 RM · 2d ago on Oct 1, 2026· 49m 6s· 2 players
Game mode
Random Map
Map size
Tiny (2 player)
Population
200
Speed
Normal
Resources
Standard
Victory
Conquest
Starting age
Dark Age
Ending age
Imperial Age
RankedLock teamsTeams togetherTeam positionsShared explorationLock speedFull tech treeHidden civsTurbo modeCheats
Victory
Defeat
🇺🇦 Khmer · Ukraine
613
+16
🇨🇳 Huns · China
610
-16
yumi
5:23 Loom
10:41 Feudal Age
11:28 Double-Bit Axe
12:20 Wheelbarrow
15:09 Gold Mining
15:10 Stone Mining
15:24 Horse Collar
18:33 Castle Age
17:35 Horse Collar
19:48 Hand Cart
21:38 Heavy Plow
24:17 Bow Saw
28:45 Gold Shaft Mining
35:56 Imperial Age
33:33 Husbandry
33:44 Bloodlines
37:28 Cavalier
38:18 Bloodlines
38:20 Squires
38:06 Arson
46:54 Conscription
BATMAN
9:40 Feudal Age
11:21 Double-Bit Axe
11:37 Horse Collar
12:50 Gold Mining
18:44 Castle Age
17:34 Stone Mining
18:35 Man-at-Arms
19:01 Arson
22:13 Wheelbarrow
22:14 Scale Mail Armor
22:39 Heavy Plow
22:56 Loom
23:01 Town Watch
23:04 Town Watch
24:06 Hand Cart
24:15 Long Swordsman
24:55 Fletching
26:31 Bow Saw
30:04 Imperial Age
28:23 Stone Shaft Mining
28:25 Town Patrol
28:41 Pikeman
30:17 Gold Shaft Mining
30:52 Two-Handed Swordsman
31:56 Forging
32:34 Coinage
32:44 Crop Rotation
33:08 Double Crossbow
33:37 Two-Handed Swordsman
34:26 Heavy Scorpion
36:56 Conscription
37:39 Banking
37:25 Halberdier
38:32 Chain Mail Armor
38:53 Iron Casting
Connection lost

Rejoining the realm…

Still unreachable

The connection could not be restored.

Session expired

The server has moved on; the page needs a fresh start.